 Dungeon Crawl Stone Soup version 0.28-a0-445-g51f8dfeb47 (webtiles) character file.

Game seed: 3971044920330572198

235 Conn the Firebug (level 6, -11/38 HPs)
             Began as an Octopode Fire Elementalist on Sept 12, 2021.
             Was a Follower of the Shining One.
             Killed by an exploding scorpion (30 damage)
             ... ignited by their inner flame
             ... on level 4 of the Dungeon.
             The game lasted 00:10:22 (3775 turns).

Conn the Firebug (Octopode Fire Elementalist)       Turns: 3775, Time: 00:10:22

Health: -11/38     AC:  1    Str:  7    XL:     6   Next: 6%
Magic:  0/11       EV: 13    Int: 26    God:    the Shining One [*.....]
Gold:   128        SH:  0    Dex: 12    Spells: 2/11 levels left

rFire   . . .      SeeInvis .   e - +1 dagger (venom)
rCold   . . .      Faith    .   (no shield)
rNeg    . . .      Spirit   .   k - +0 hat
rPois   .          Reflect  .   (no amulet)
rElec   .          Harm     .   a - +6 ring of intelligence
rCorr   .          Rampage  .   (no ring)
Will    .....                   (no ring)
Stlth   ++........              (no ring)
HPRegen 0.12/turn               (no ring)
MPRegen 0.12/turn               (no ring)
                                (no ring)
                                (no ring)

@: very slightly contaminated, glowing
A: almost no armour, amphibious, 8 rings, camouflage 1, gelatinous body 1,
(nimble swimmer 1), tentacles
a: Renounce Religion


You were on level 4 of the Dungeon.
You worshipped the Shining One.
The Shining One was aware of your devotion.
You visited 1 branch of the dungeon, and saw 4 of its levels.

You collected 128 gold pieces.

Inventory:

Hand Weapons
 e - a +1 dagger of venom (weapon)
Armour
 k - a +0 hat (worn)
Jewellery
 a - a +6 ring of intelligence (left tentacle)
Scrolls
 b - a scroll of enchant weapon {unknown}
 c - a scroll of summoning {unknown}
 f - a scroll of teleportation
Potions
 d - a potion of resistance
 g - 3 potions of haste {unknown}
 h - a potion of degeneration {unknown}
 i - 3 potions of might
 j - a potion of curing {unknown}
 l - a potion of flight {unknown}
 m - a potion of heal wounds {unknown}


   Skills:
 + Level 1.0 Fighting
 + Level 2.6 Dodging
 + Level 3.3 Stealth
 - Level 0.7 Unarmed Combat
 + Level 3.3 Spellcasting
 + Level 2.5 Conjurations
 + Level 0.1 Hexes
 + Level 4.2 Fire Magic


You had 2 spell levels left.
You knew the following spells:

 Your Spells              Type           Power      Damage    Failure   Level
a - Foxfire               Conj/Fire      84%        2x1d8     2%          1
b - Conjure Flame         Conj/Fire      21%        6-21      7%          3
c - Inner Flame           Hex/Fire       15%        N/A       11%         3
d - Scorch                Fire           52%        2d7       2%          2

Your spell library contained the following spells:

 Spells                   Type           Power      Damage    Failure   Level
 Animate Skeleton         Necr           8%         N/A       9%          1
 Pain                     Necr           16%        1d4       9%          1
 Flame Wave               Conj/Fire      21%        3d6       22%         4
 Vampiric Draining        Necr           2%         2d6       26%         3


Dungeon Overview and Level Annotations

Branches:
Dungeon (4/15)
 Temple: D:4-7

Altars:
Sif Muna
Trog
The Shining One

Shops:
D:2 =


Innate Abilities, Weirdness & Mutations

You cannot wear most types of armour.
You are amphibious.
You can wear up to eight rings at the same time.
Your skin changes colour to match your surroundings (Stealth+).
Your rubbery body absorbs attacks. (AC +1, EV +1)
((You are camouflaged near water. (Stealth+)))
You have tentacles for arms and can constrict up to eight enemies at once.


Message History

The scorpion struggles to resist.
The scorpion stings you.
Unknown command.
Casting: Inner Flame (dangerous; 11% risk of failure)
Confirm with . or Enter, or press ? or * to list all spells.
Aiming: Inner Flame (dangerous; 11% risk of failure)
Press: ? - help, Shift-Dir - straight line, f/p - scorpion
Aim: a scorpion (moderately wounded, haloed, chance to affect: 70%)
You miscast Inner Flame.
You are very lightly contaminated with residual magic.
Nothing appears to happen.
The scorpion stings you.
Unknown command.
Casting: Inner Flame (dangerous; 11% risk of failure)
Confirm with . or Enter, or press ? or * to list all spells.
Aiming: Inner Flame (dangerous; 11% risk of failure)
Press: ? - help, Shift-Dir - straight line, f/p - scorpion
Aim: a scorpion (moderately wounded, haloed, chance to affect: 70%)
The scorpion is filled with an inner flame.
The scorpion misses you.
Unknown command.
The scorpion stings you!
Casting: Inner Flame (dangerous; 11% risk of failure)
Confirm with . or Enter, or press ? or * to list all spells.
You conjure some foxfire!
The scorpion stings you.
Unknown command.
The foxfire hits the scorpion but does no damage.
The scorpion is moderately wounded.
The foxfire hits the scorpion.
Flame seeps out of the scorpion.
The scorpion is moderately wounded.
The scorpion is engulfed in blazing flames.
Flame seeps out of the scorpion.
Unknown command.
You hit the scorpion but do no damage.
The scorpion is poisoned.
Your grab misses the scorpion.
The scorpion is severely wounded.
Flame seeps out of the scorpion.
The scorpion is engulfed in blazing flames.
The scorpion explodes!
The fiery explosion engulfs you!!
Ouch! That really hurt!
You die...

#####.#
#.....g....
#.....#
#..#######.
#.##### ##.# #.
#.# .# #.
#.#### #.
#....# #.
####.# #. #>#
#.
#######@#######
#.
.......○§......
#.
....###○#######
#. ###.#.†g#
#.....##
#####..#
#...'..#
#:#...#..#
#:#._.#.##


You could see a goblin.

Vanquished Creatures
  2 scorpions (D:4)
  A hound (D:3)
  An iguana (D:4)
  Robin (D:4)
  4 adders (D:2)
  4 worms
  A dart slug (D:1)
  8 bats
  2 endoplasms (D:2)
  4 giant cockroaches (D:1)
  11 goblins
  6 hobgoblins
  A quokka (D:3)
  4 ball pythons
  6 frilled lizards
  2 kobolds
  4 rats
62 creatures vanquished.

Vanquished Creatures (others)
  167 foxfires
167 creatures vanquished.

Grand Total: 229 creatures vanquished

Notes
Turn   | Place    | Note
-------+----------+-------------------------------------------
     0 | D:1      | Conn the Octopode Fire Elementalist began the quest for the
                  | Orb.
     0 | D:1      | Reached XP level 1. HP: 11/11 MP: 3/3
   104 | D:1      | Found a faded altar of an unknown god.
   126 | D:1      | Became a worshipper of the Shining One
   126 | D:1      | Reached * piety under the Shining One
   160 | D:1      | Reached XP level 2. HP: 16/17 MP: 0/5
   318 | D:1      | The Shining One protects you from harm!
  1034 | D:1      | Reached XP level 3. HP: 14/22 MP: 2/6
  1761 | D:2      | Reached XP level 4. HP: 24/27 MP: 2/7
  2193 | D:2      | Found Vosta's Jewellery Emporium.
  2467 | D:2      | Learned a level 3 spell: Conjure Flame
  2471 | D:2      | Learned a level 3 spell: Inner Flame
  2972 | D:3      | Reached XP level 5. HP: 27/32 MP: 6/9
  2975 | D:3      | Learned a level 2 spell: Scorch
  3074 | D:3      | Found a bloodstained altar of Trog.
  3519 | D:4      | Reached skill level 1 in Fighting
  3519 | D:4      | Reached skill level 4 in Fire Magic
  3588 | D:4      | Noticed Robin
  3604 | D:4      | Killed Robin
  3605 | D:4      | Reached XP level 6. HP: 33/38 MP: 4/10
  3763 | D:4      | Found a shimmering blue altar of Sif Muna.
  3775 | D:4      | Killed by an exploding scorpion... ignited by their inner
                  | flame

Illustrated notes

Levels and vault maps discovered:
D:1:      dpeg_arrival_stone_temple_mockup, layout_rooms,
          dreamdust_ecumenical_altar_angels_and_demons, minmay_misc_feat_square,
          minmay_octomino_c4
D:2:      layout_loops_ring, serial_shops, nicolae_lakefront_shop,
          dk_vineyard_3, kennysheep_potato
D:3:      layout_loops_corners, mainiacjoe_overflow_24_doors, minivault_26
D:4:      minmay_chambers_of_threes, layout_loops_ring,
          nicolae_sif_muna_little_library, uniq_robin

Skill      XL: |  1  2  3  4  5 |
---------------+----------------+-----
Stealth        | 3 |  3.3
Conjurations   | 2 |  2.5
Fighting       | 1 |  1.0
Spellcasting   | 3 |  3.3
Fire Magic     | 4 |  4.2
Dodging        | |  2.6
Unarmed Combat | |  0.7
Hexes          | |  0.1

Action                   |  1- 3 |  4- 6 || total
-------------------------+-------+-------++-------
Melee: Unarmed           |    27 |    20 ||    47
       Constrict         |     4 |     7 ||    11
       Tentacles         |     5 |     3 ||     8
       Dagger            |       |     1 ||     1
 Cast: Foxfire           |    50 |    51 ||   101
       Inner Flame       |       |     4 ||     4
  Use: Scroll            |       |     5 ||     5
       Potion            |       |     1 ||     1
Armor: Skin              |    14 |     5 ||    19
Dodge: Dodged            |    50 |    34 ||    84

Table legend: (Time is in decaauts)
 A = Elapsed time spent in this place.
 B = Non-inter-level travel time spent in this place.
 C = Inter-level travel time spent in this place.
 D = Time resting spent in this place.
 E = Time spent auto-exploring this place.
 F = Levels seen in this place.
 G = Mean time per level.
                   A        B        C        D        E       F      G
               +--------+--------+--------+--------+--------+-----+--------+
         Total |   3773 |   3731 |     42 |    282 |   2589 |   4 |  943.2 |
       Dungeon |   3773 |   3731 |     42 |    282 |   2589 |   4 |  943.2 |
               +--------+--------+--------+--------+--------+-----+--------+

Top non-repeatable levels by time:
     D:2: 1590 daAuts
     D:3: 1004 daAuts
     D:1: 911 daAuts
     D:4: 268 daAuts
